TOP OF THE 1ST |
Fort de France Carnivals batting - Pitching for Santa Ana Cafes : RHP Roy Smith
|
Pitching: RHP Roy Smith
|
|
Batting: SHB Gary Pettis
|
0-0: Ball 1-0: Foul Ball, location: 2F 1-1: SINGLE (Groundball, 5S, EV 69.4 MPH) (infield hit)
|
Batting: RHB Eddie Vargas
|
0-0: Ball Gary Pettis steals 2nd base 1-0: Ball 2-0: Fly out, F9 (Flyball, 9, EV 78.8 MPH)
|
Batting: RHB Ramiro Gutierrez
|
0-0: Fly out, F9 (Line Drive, 9, EV 88.8 MPH)
|
Batting: LHB Omar Guerrero
|
0-0: Ball 1-0: Ground out 6-3 (Groundball, P, EV 79.4 MPH)
|
Top of the 1st over - 0 runs, 1 hit, 0 errors, 1 left on base; Fort de France 0 - Santa Ana 0 |
BOTTOM OF THE 1ST |
Santa Ana Cafes batting - Pitching for Fort de France Carnivals : LHP Dennis Rasmussen
|
Pitching: LHP Dennis Rasmussen
|
|
Batting: SHB Steve Scafa
|
0-0: Called Strike 0-1: Ball 1-1: Ball 2-1: Ball 3-1: Base on Balls
|
Batting: RHB Mark Wasinger
|
0-0: Ball 1-0: Called Strike 1-1: Foul Ball, location: 2F 1-2: Ball 2-2: Fly out, F8 (Flyball, 8LS, EV 85.0 MPH)
|
Batting: RHB Glenn Davis
|
0-0: Swinging Strike 0-1: Foul Ball, location: 2F 0-2: Ball 1-2: Fly out, F8 (Flyball, 8LD, EV 85.0 MPH)
|
Batting: RHB Larry Littleton
|
0-0: Ball 1-0: Ball 2-0: Called Strike 2-1: Foul Ball, location: 2F 2-2: Fly out, F8 (Flyball, 8LD, EV 105.0 MPH)
|
Bottom of the 1st over - 0 runs, 0 hits, 0 errors, 1 left on base; Fort de France 0 - Santa Ana 0 |
TOP OF THE 2ND |
Fort de France Carnivals batting - Pitching for Santa Ana Cafes : RHP Roy Smith
|
Batting: RHB Dave Stenhouse
|
0-0: Foul Ball, location: 2F 0-1: Called Strike 0-2: Ball 1-2: Strikes out swinging
|
Batting: LHB Steve Sbragia
|
0-0: Foul Ball, location: 2F 0-1: Ground out U3 (Groundball, 3, EV 80.6 MPH)
|
Batting: LHB Robert Markham
|
0-0: Swinging Strike 0-1: Ball 1-1: SINGLE (Flyball, 9S, EV 88.1 MPH)
|
Batting: RHB Julio Collazo
|
0-0: Fielders Choice at 2nd, 6-4 (Groundball, 6, EV 85.6 MPH)
|
Top of the 2nd over - 0 runs, 1 hit, 0 errors, 1 left on base; Fort de France 0 - Santa Ana 0 |
BOTTOM OF THE 2ND |
Santa Ana Cafes batting - Pitching for Fort de France Carnivals : LHP Dennis Rasmussen
|
Batting: RHB Barry Siebert
|
0-0: Ball 1-0: Ball 2-0: Ball 3-0: Base on Balls
|
Batting: RHB Ken Dowell
|
0-0: Ball 1-0: Fly out, F7 (Line Drive, 7, EV 97.5 MPH)
|
Batting: LHB Andre David
|
0-0: SINGLE (Groundball, 4MD, EV 96.3 MPH) Barry Siebert to second Runner from 2nd tries for 3rd, OUT after rundown.
|
Batting: RHB Edwin Rodriguez
|
0-0: Ball 1-0: Called Strike Andre David steals 2nd base 1-1: Ball 2-1: Ball 3-1: Foul Ball, location: 2F 3-2: Base on Balls
|
Batting: RHB Donn Koch
|
0-0: Foul Ball, location: 2F 0-1: Swinging Strike 0-2: Strikes out swinging
|
Bottom of the 2nd over - 0 runs, 1 hit, 0 errors, 2 left on base; Fort de France 0 - Santa Ana 0 |
TOP OF THE 3RD |
Fort de France Carnivals batting - Pitching for Santa Ana Cafes : RHP Roy Smith
|
Batting: RHB Mario Diaz
|
0-0: Called Strike 0-1: Reached on error, E4 (Groundball, 4, EV 105.6 MPH)
|
Batting: SHB Gary Pettis
|
0-0: Called Strike 0-1: Called Strike 0-2: Ball 1-2: Ball 2-2: Ball 3-2: Strikes out looking
|
Batting: RHB Eddie Vargas
|
0-0: Ball 1-0: Ball 2-0: Ground out 6-3 (Groundball, 6M, EV 81.9 MPH) Mario Diaz to second
|
Batting: RHB Ramiro Gutierrez
|
0-0: Called Strike 0-1: Swinging Strike 0-2: Ball 1-2: Ball 2-2: Strikes out swinging
|
Top of the 3rd over - 0 runs, 0 hits, 1 error, 1 left on base; Fort de France 0 - Santa Ana 0 |
BOTTOM OF THE 3RD |
Santa Ana Cafes batting - Pitching for Fort de France Carnivals : LHP Dennis Rasmussen
|
Batting: SHB Steve Scafa
|
0-0: Ball 1-0: Ball 2-0: Ball 3-0: Base on Balls
|
Batting: RHB Mark Wasinger
|
0-0: Ball 1-0: Ball Steve Scafa steals 2nd base 2-0: Ball 3-0: Base on Balls
|
Batting: RHB Glenn Davis
|
0-0: Called Strike 0-1: DOUBLE (Groundball, 5L, EV 105.0 MPH) Steve Scafa scores Mark Wasinger to third Runner from 3rd tries for Home, SAFE, throw by LF to trailing runner, SAFE at third!
|
Batting: RHB Larry Littleton
|
0-0: SINGLE (Line Drive, 7LS, EV 98.8 MPH) Glenn Davis scores
|
Batting: RHB Barry Siebert
|
0-0: Ball 1-0: Ball 2-0: Foul Ball, location: 2F 2-1: Called Strike 2-2: Foul Ball, location: 2F 2-2: Foul Ball, location: 2F 2-2: Reached on error, E5 (Groundball, 56S, EV 84.4 MPH) Larry Littleton to second
|
Batting: RHB Ken Dowell
|
0-0: Fly out, F6 (Popup, 6S, EV 75.6 MPH)
|
Batting: LHB Andre David
|
0-0: Foul Ball, location: 2F 0-1: Foul Ball, location: 2F 0-2: Ball 1-2: Fielders Choice at 2nd, 4-6 (Groundball, 4MS, EV 87.5 MPH) Larry Littleton to third
|
Batting: RHB Edwin Rodriguez
|
0-0: Ball 1-0: Ball 2-0: Fly out, F9 (Flyball, 9, EV 95.6 MPH)
|
Bottom of the 3rd over - 3 runs, 2 hits, 1 error, 2 left on base; Fort de France 0 - Santa Ana 3 |
TOP OF THE 4TH |
Fort de France Carnivals batting - Pitching for Santa Ana Cafes : RHP Roy Smith
|
Batting: LHB Omar Guerrero
|
0-0: Ground out 5-3 (Groundball, 56, EV 103.8 MPH)
|
Batting: RHB Dave Stenhouse
|
0-0: Swinging Strike 0-1: Ball 1-1: Ball 2-1: Swinging Strike 2-2: Ground out U3 (Groundball, 34, EV 105.6 MPH)
|
Batting: LHB Steve Sbragia
|
0-0: Ground out 6-3 (Groundball, 56, EV 88.1 MPH)
|
Top of the 4th over - 0 runs, 0 hits, 0 errors, 0 left on base; Fort de France 0 - Santa Ana 3 |
BOTTOM OF THE 4TH |
Santa Ana Cafes batting - Pitching for Fort de France Carnivals : LHP Dennis Rasmussen
|
Batting: RHB Donn Koch
|
0-0: Ball 1-0: Ball 2-0: Foul Ball, location: 2F 2-1: Ball 3-1: Fly out, F8 (Flyball, 89M, EV 95.0 MPH)
|
Batting: SHB Steve Scafa
|
0-0: Foul Ball, location: 2F 0-1: Ball 1-1: Ground out 4-3 (Groundball, 13, EV 84.4 MPH)
|
Batting: RHB Mark Wasinger
|
0-0: Ground out 5-3 (Groundball, 56, EV 91.9 MPH)
|
Bottom of the 4th over - 0 runs, 0 hits, 0 errors, 0 left on base; Fort de France 0 - Santa Ana 3 |
TOP OF THE 5TH |
Fort de France Carnivals batting - Pitching for Santa Ana Cafes : RHP Roy Smith
|
Batting: LHB Robert Markham
|
0-0: Ball 1-0: Called Strike 1-1: Called Strike 1-2: Ball 2-2: Strikes out swinging
|
Batting: RHB Julio Collazo
|
0-0: Ball 1-0: Foul Ball, location: 2F 1-1: Ball 2-1: Foul Ball, location: 2F 2-2: Ground out 6-3 (Groundball, 6, EV 85.0 MPH)
|
Batting: RHB Mario Diaz
|
0-0: Ball 1-0: DOUBLE (Flyball, 8LD, EV 105.6 MPH)
|
Batting: SHB Gary Pettis
|
0-0: Called Strike 0-1: Foul Ball, location: 2F 0-2: Ball 1-2: Strikes out swinging
|
Top of the 5th over - 0 runs, 1 hit, 0 errors, 1 left on base; Fort de France 0 - Santa Ana 3 |
BOTTOM OF THE 5TH |
Santa Ana Cafes batting - Pitching for Fort de France Carnivals : LHP Dennis Rasmussen
|
Batting: RHB Glenn Davis
|
0-0: Called Strike 0-1: SINGLE (Groundball, 4MD, EV 98.8 MPH)
|
Batting: RHB Larry Littleton
|
0-0: Called Strike 0-1: Foul Ball, location: 2F 0-2: Grounds into double play, 5-4-3 (Groundball, 56, EV 81.9 MPH)
|
Batting: RHB Barry Siebert
|
0-0: Ball 1-0: Called Strike 1-1: Ball 2-1: Ball 3-1: Swinging Strike 3-2: Foul Ball, location: 2F 3-2: Foul Ball, location: 2F 3-2: Base on Balls
|
Batting: RHB Ken Dowell
|
0-0: Ball 1-0: Called Strike 1-1: Ball 2-1: Foul Ball, location: 2F 2-2: Fielders Choice at 2nd, 6-4 (Groundball, 56, EV 78.1 MPH)
|
Bottom of the 5th over - 0 runs, 1 hit, 0 errors, 1 left on base; Fort de France 0 - Santa Ana 3 |
TOP OF THE 6TH |
Fort de France Carnivals batting - Pitching for Santa Ana Cafes : RHP Roy Smith
|
Batting: RHB Eddie Vargas
|
0-0: Ball 1-0: Ball 2-0: Ball 3-0: Base on Balls
|
Batting: RHB Ramiro Gutierrez
|
0-0: Ball Balk! Eddie Vargas to second 1-0: Ball 2-0: Ball 3-0: Base on Balls
|
Batting: LHB Omar Guerrero
|
0-0: Fielders Choice at 2nd, 2-4 (Groundball, 15S, EV 76.9 MPH) Eddie Vargas to third
|
Batting: RHB Dave Stenhouse
|
0-0: Ball Omar Guerrero is caught stealing 2nd base 2-4 1-0: Fly out, F9 (Flyball, 9D, EV 81.3 MPH)
|
Top of the 6th over - 0 runs, 0 hits, 0 errors, 1 left on base; Fort de France 0 - Santa Ana 3 |
BOTTOM OF THE 6TH |
Santa Ana Cafes batting - Pitching for Fort de France Carnivals : LHP Dennis Rasmussen
|
Batting: LHB Andre David
|
0-0: Ball 1-0: Called Strike 1-1: Ball 2-1: Foul Ball, location: 2F 2-2: Foul Ball, location: 2F 2-2: Fly out, F9 (Line Drive, 9, EV 88.1 MPH)
|
Batting: RHB Edwin Rodriguez
|
0-0: Ball 1-0: Called Strike 1-1: Swinging Strike 1-2: Ground out 2-3 (Groundball, 2L, EV 70.6 MPH)
|
Batting: RHB Donn Koch
|
0-0: Ball 1-0: Ground out U3 (Groundball, 34S, EV 83.1 MPH)
|
Bottom of the 6th over - 0 runs, 0 hits, 0 errors, 0 left on base; Fort de France 0 - Santa Ana 3 |
TOP OF THE 7TH |
Fort de France Carnivals batting - Pitching for Santa Ana Cafes : RHP Roy Smith
|
Batting: LHB Steve Sbragia
|
0-0: Ball 1-0: Ball 2-0: Ground out 4-3 (Groundball, 4M, EV 86.3 MPH)
|
Batting: LHB Robert Markham
|
0-0: Foul Ball, location: 2F 0-1: Foul Ball, location: 2F 0-2: SINGLE (Groundball, 13S, EV 71.9 MPH) (infield hit)
|
Batting: RHB Julio Collazo
|
0-0: Foul Ball, location: 2F 0-1: Called Strike 0-2: Ball 1-2: Ball 2-2: Strikes out swinging
|
Batting: RHB Mario Diaz
|
0-0: Ball 1-0: Called Strike 1-1: Ball 2-1: Fly out, F3 (Popup, 3SF, EV 85.6 MPH)
|
Top of the 7th over - 0 runs, 1 hit, 0 errors, 1 left on base; Fort de France 0 - Santa Ana 3 |
BOTTOM OF THE 7TH |
Santa Ana Cafes batting - Pitching for Fort de France Carnivals : LHP Dennis Rasmussen
|
Pitching: LHP John LoCascio
|
|
Batting: SHB Steve Scafa
|
0-0: Swinging Strike 0-1: Called Strike 0-2: Foul Ball, location: 2F 0-2: Hit by Pitch
|
Batting: RHB Mark Wasinger
|
0-0: Called Strike 0-1: Fly out, F7 (Line Drive, 7D, EV 106.3 MPH)
|
Batting: RHB Glenn Davis
|
0-0: Swinging Strike 0-1: Ball 1-1: Ball 2-1: Grounds into double play, 4-6-3 (Groundball, 4, EV 99.4 MPH)
|
Bottom of the 7th over - 0 runs, 0 hits, 0 errors, 0 left on base; Fort de France 0 - Santa Ana 3 |
TOP OF THE 8TH |
Fort de France Carnivals batting - Pitching for Santa Ana Cafes : RHP Roy Smith
|
Batting: SHB Gary Pettis
|
0-0: Called Strike 0-1: Ball 1-1: Ball 2-1: Ball 3-1: Base on Balls
|
Batting: RHB Eddie Vargas
|
0-0: Ball 1-0: Ball 2-0: Ball 3-0: Called Strike 3-1: Base on Balls Gary Pettis to second
|
Batting: RHB Ramiro Gutierrez
|
0-0: Ball 1-0: SINGLE (Groundball, 56D, EV 93.8 MPH) Gary Pettis to third Eddie Vargas to second Runner from 3rd tries for Home, SAFE, throw by LF to home
|
Batting: LHB Omar Guerrero
|
0-0: DOUBLE (Flyball, 78D, EV 108.1 MPH) Eddie Vargas scores Ramiro Gutierrez to third
|
Batting: RHB Dave Stenhouse
|
0-0: Called Strike 0-1: Swinging Strike 0-2: SINGLE (Groundball, 56D, EV 95.6 MPH) Ramiro Gutierrez scores Omar Guerrero to third Runner from 3rd tries for Home, SAFE, throw by LF to home
|
Batting: LHB Steve Sbragia
|
0-0: Ball 1-0: Called Strike 1-1: Ball 2-1: Foul Ball, location: 2F 2-2: Ball 3-2: Base on Balls Dave Stenhouse to second
|
Batting: LHB Robert Markham
|
0-0: Ball 1-0: Ball 2-0: Ball 3-0: Called Strike 3-1: Called Strike 3-2: Strikes out swinging
|
Batting: RHB Julio Collazo
|
0-0: Called Strike 0-1: Swinging Strike 0-2: Ball 1-2: Ball 2-2: Foul Ball, location: 2F 2-2: Strikes out swinging
|
Batting: RHB Mario Diaz
|
0-0: Ball 1-0: Swinging Strike 1-1: Ball 2-1: Ground out 6-3 (Groundball, 56, EV 104.4 MPH)
|
Top of the 8th over - 4 runs, 3 hits, 0 errors, 2 left on base; Fort de France 4 - Santa Ana 3 |
BOTTOM OF THE 8TH |
Santa Ana Cafes batting - Pitching for Fort de France Carnivals : LHP John LoCascio
|
Batting: RHB Larry Littleton
|
0-0: Called Strike 0-1: Ball 1-1: Foul Ball, location: 2F 1-2: Foul Ball, location: 2F 1-2: Strikes out swinging
|
Batting: RHB Barry Siebert
|
0-0: Called Strike 0-1: Foul Ball, location: 2F 0-2: Ball 1-2: Ball 2-2: Strikes out swinging
|
Batting: RHB Ken Dowell
|
0-0: Foul Ball, location: 2F 0-1: Ground out 6-3 (Groundball, 56S, EV 81.9 MPH)
|
Bottom of the 8th over - 0 runs, 0 hits, 0 errors, 0 left on base; Fort de France 4 - Santa Ana 3 |
TOP OF THE 9TH |
Fort de France Carnivals batting - Pitching for Santa Ana Cafes : RHP Roy Smith
|
Pitching: RHP Clyde Reichard
|
|
Batting: SHB Gary Pettis
|
0-0: Foul Ball, location: 2F 0-1: Called Strike 0-2: Ball 1-2: Strikes out swinging
|
Batting: RHB Eddie Vargas
|
0-0: Called Strike 0-1: Swinging Strike 0-2: Strikes out swinging, 2-3 out at first.
|
Batting: RHB Ramiro Gutierrez
|
0-0: Ball 1-0: Called Strike 1-1: Ball 2-1: Called Strike 2-2: Strikes out swinging
|
Top of the 9th over - 0 runs, 0 hits, 0 errors, 0 left on base; Fort de France 4 - Santa Ana 3 |
BOTTOM OF THE 9TH |
Santa Ana Cafes batting - Pitching for Fort de France Carnivals : LHP John LoCascio
|
Pitching: RHP Joel Willett
|
|
Batting: LHB Andre David
|
0-0: Ball 1-0: Foul Ball, location: 2F 1-1: Ball 2-1: Ball 3-1: Foul Ball, location: 2F 3-2: Foul Ball, location: 2F 3-2: Base on Balls
|
Batting: RHB Edwin Rodriguez
|
0-0: Ball 1-0: Ball 2-0: SINGLE (Groundball, 56, EV 94.4 MPH) Andre David to second
|
Pinch Hitting: RHB Martinho Varandas
|
0-0: Ball 1-0: Foul Ball, location: 2F 1-1: Foul Ball, location: 2F 1-2: Ball Wild Pitch! Andre David to third Edwin Rodriguez to second 2-2: Fly out, F8 (Flyball, 8LM, EV 86.9 MPH) Runner from 3rd tags up, SCORES, throw by CF Edwin Rodriguez to third
|
Batting: SHB Steve Scafa
|
0-0: Called Strike 0-1: Ball 1-1: Ball 2-1: Ball 3-1: Swinging Strike 3-2: Base on Balls
|
Batting: RHB Mark Wasinger
|
0-0: Ball 1-0: Ball 2-0: SINGLE (Groundball, 56, EV 103.8 MPH) Edwin Rodriguez scores
|
Bottom of the 9th over - 2 runs, 2 hits, 0 errors, 0 left on base; Fort de France 4 - Santa Ana 5 |
|